 Dungeon Crawl Stone Soup version 0.29.1-1-gd02db6906a (webtiles) character file.

Game seed: 783915922669730211

93 Icepheonix32 the Trooper (level 4, 0/38 (41) HPs)
             Began as a Minotaur Fighter on Sept 23, 2022.
             Slain by Grinder (4 damage)
             ... on level 4 of the Dungeon.
             The game lasted 00:02:51 (2870 turns).

Icepheonix32 the Trooper (Minotaur Fighter)         Turns: 2870, Time: 00:02:52

HP:   0/38 (41)     AC: 10    Str: 22    XL:     4   Next: 37%
MP:   3/3           EV:  9    Int:  5    God:
Gold: 205           SH:  9    Dex: 10    Spells: 3/3 levels left

rFire   . . .      SeeInvis .   u - +2 dagger (drain)
rCold   . . .      Faith    .   c - +0 buckler
rNeg    . . .      Spirit   .   b - +0 scale mail
rPois   .          Reflect  +   (helmet restricted)
rElec   .          Harm     .   (no cloak)
rCorr   .          Rampage  .   q - +2 pair of gloves
Will    .....                   (no boots)
Stlth   ..........              t - amulet of reflection
HPRegen 0.12/turn               (no ring)
MPRegen 0.08/turn               (no ring)

@: mighty, weak-willed, drained
A: horns 2, retaliatory headbutt
a: no special abilities


You were on level 4 of the Dungeon.
You visited 1 branch of the dungeon, and saw 4 of its levels.

You collected 205 gold pieces.

Inventory:

Hand Weapons
 a - a +0 war axe
 s - a +1 dagger of electrocution
 u - a +2 dagger of draining (weapon)
Missiles
 p - 3 javelins (quivered)
 v - 3 boomerangs of dispersal
Armour
 b - a +0 scale mail (worn)
 c - a +0 buckler (worn)
 q - a +2 pair of gloves (worn)
Magical Staves
 n - a staff of cold
Jewellery
 t - an amulet of reflection (around neck)
 y - a +4 ring of protection
Scrolls
 f - a scroll of summoning
 g - a scroll of brand weapon
 i - a scroll of magic mapping
 j - a scroll of teleportation
 w - a scroll of enchant weapon
Potions
 l - a potion of invisibility
 m - 4 potions of curing {unknown}
 r - a potion of magic
 x - a potion of brilliance


   Skills:
 * Level 4.4 Fighting
 + Level 0.1 Short Blades
 - Level 3.1 Axes
 - Level 0.1 Staves
 + Level 4.3 Armour
 + Level 0.3 Dodging
 + Level 0.2 Stealth
 + Level 4.0 Shields
 * Level 1.2 Evocations


You had 3 spell levels left.
You didn't know any spells.
Your spell library contained the following spells:

 Spells                   Type           Power      Damage    Failure   Level
 Beastly Appendage        Tmut           0%         N/A       87%         1
 Poisonous Vapours        Pois/Air       0%         N/A       95%         2
 Wereblood                Tmut           0%         N/A       95%         2
 Dazzling Flash           Conj/Hex       0%         N/A       99%         3
 Spider Form              Tmut/Pois      0%         N/A       99%         3
 Corpse Rot               Necr/Pois/Air  0%         N/A       100%        4
 Agony                    Necr           0%         N/A       100%        5
 Silence                  Hex/Air        0%         N/A       100%        5


Dungeon Overview and Level Annotations

Branches:
Dungeon (4/15)
 Temple: D:4-7

Altars:
Gozag
Makhleb
Zin

Annotations:
D:4 Grinder


Innate Abilities, Weirdness & Mutations

You have a pair of horns on your head.
You reflexively headbutt those who attack you in melee.


Message History

Grinder shouts!
Found a scroll of identify.
Found a stone staircase leading up.
There is a stone staircase leading up here.
Grinder is nearby!
Throw: 4 javelins
Press: ? - help, Q - select action, (/) - cycle Shift-Dir - straight line, f - Grinder
Aim: Grinder (53% to hit)
You throw a javelin.
The javelin pierces through Grinder but does no damage.
Grinder drinks a potion.
Grinder seems to speed up.
Okay, then.
You feel very mighty all of a sudden.
You closely miss Grinder. Grinder gestures at you.
Pain shoots through your body! Grinder barely misses you.
You hit Grinder.
Grinder is lightly wounded.
Grinder hits you but does no damage.
You closely miss Grinder. Your headbutt misses Grinder.
Grinder is lightly wounded.
Grinder hits you.
You writhe in agony.
Grinder hits you.
You writhe in agony.
You are too injured to fight recklessly!
You are too injured to fight recklessly!
You are too injured to fight recklessly!
Grinder hits you.
You writhe in agony.
You closely miss Grinder.
Grinder is lightly wounded.
Grinder gestures at you. Pain shoots through your body!
* * * LOW HITPOINT WARNING * * *
Grinder closely misses you.
You puncture Grinder!
Grinder is moderately wounded.
You block Grinder's attack.
You puncture Grinder!
Grinder is heavily wounded.
Grinder hits you!
* * * LOW HITPOINT WARNING * * *
You writhe in agony.
You die...

.. ##.##
....###
##......#
##......#
#.......#
#....?..#
#<<....#
#.@....#
##5...##
#...##
#..##
#(.# #.##
..# ..#


You could see Grinder (fast).

Vanquished Creatures
  3 adders (D:3)
  A worm (D:2)
  2 dart slugs
  7 orcs (D:3)
  An endoplasm (D:1)
  5 giant cockroaches
  5 goblins
  3 hobgoblins
  6 jackals
  6 kobolds
  2 quokkas
  A ball python (D:3)
  2 bats (D:2)
  A frilled lizard (D:1)
  2 rats
47 creatures vanquished.

Notes
Turn   | Place    | Note
-------+----------+-------------------------------------------
     0 | D:1      | Icepheonix32 the Minotaur Fighter began the quest for the
                  | Orb.
     0 | D:1      | Reached XP level 1. HP: 19/19 MP: 0/0
   663 | D:1      | Reached XP level 2. HP: 27/27 MP: 1/1
   757 | D:1      | Found a faded altar of an unknown god.
  1631 | D:2      | Reached XP level 3. HP: 33/33 MP: 2/2
  2021 | D:3      | Reached XP level 4. HP: 41/41 MP: 3/3
  2127 | D:3      | Found an opulent altar of Gozag.
  2188 | D:3      | Found a glowing silver altar of Zin.
  2231 | D:3      | Found a burning altar of Makhleb.
  2323 | D:3      | Reached skill level 1 in Evocations
  2860 | D:4      | Noticed Grinder
  2870 | D:4      | Slain by Grinder

Illustrated notes

Levels and vault maps discovered:
D:1:      evilmike_arrival_fibonacci_small, layout_basic,
          hellmonk_ecumenical_altar_inner_sanctum, minmay_heptomino_d4
D:2:      layout_basic
D:3:      layout_basic, grunt_temple_overflow_gold_and_silver,
          general_overflow_altar
D:4:      layout_cave_pods, serial_shops, shop_fountains, shop, uniq_ijyb,
          uniq_sigmund, uniq_grinder

Skill      XL: |  1  2  3  4 |
---------------+-------------+-----
Armour         | 4 |  4.3
Fighting       | 4 |  4.4
Shields        | 4 |  4.0
Axes           | 3 |  3.1
Evocations     | 1 |  1.2
Short Blades   | |  0.1
Staves         | |  0.1
Dodging        | |  0.3
Stealth        | |  0.2

Action                   |  1- 3 |  4- 6 || total
-------------------------+-------+-------++-------
Melee: War axe           |    32 |       ||    32
       Staff             |    51 |       ||    51
       Headbutt          |     8 |     5 ||    13
       Dagger            |     3 |    45 ||    48
Throw: Javelin           |       |     1 ||     1
  Use: Scroll            |       |    10 ||    10
       Potion            |       |     1 ||     1
Armor: Scale mail        |    44 |    16 ||    60
Dodge: Dodged            |    35 |    15 ||    50
Block: Buckler           |    22 |    18 ||    40
       Reflection        |       |     1 ||     1
